[Event "US Masters 2024"]
[Site "Charlotte"]
[Date "2024.11.30"]
[Round "6.1"]
[White "Caruana, Fabiano"]
[Black "Theodorou, Nikolas"]
[Result "0-1"]
[ECO "A28"]
[WhiteElo "2805"]
[BlackElo "2612"]
[Annotator "TA"]
[PlyCount "98"]
[EventDate "2024.09.23"]
[EventType "swiss"]
[EventCountry "USA"]
[SourceTitle "playchess.com"]
[Source "ChessBase"]
[SourceQuality "1"]
[TimeControl "5400+30"]

1. c4 Nf6 2. Nc3 e5 3. Nf3 Nc6 4. a3 d5 5. cxd5 Nxd5 6. Qc2 Nxc3 7. bxc3 {[%emt 0:00:42] A28: English Opening: Four Knights Variation.} Bd6 8. g3 O-O 9. Bg2 Qe7 $5 {[%emt 0:03:22][%mdl 4] An interesting side line.} 10. d3 Bg4 $1 $146 {[%emt 0:06:24][%mdl 8] A relevant novelty.} ({Predecessor:} 10... h6 11. O-O Na5 12. c4 c5 13. Nd2 f5 14. Nb1 Nc6 15. Nc3 Rb8 16. Rb1 Nd4 {1-0 Carlsen,M (2830)-Keymer,V (2726) Warsaw Superbet Blitz 2024 (5)}) 11. h3 Bd7 12. O-O b6 13. e4 f6 14. d4 Qf7 15. Be3 Kh8 16. a4 Rad8 17. Rfe1 Na5 18. Nd2 Qh5 19. g4 Qf7 20. Qa2 Be6 21. d5 Bd7 22. Nc4 (22. c4 $1 $11) 22... Nxc4 $15 23. Qxc4 h5 24. Qe2 g6 25. gxh5 gxh5 26. Kh1 Rg8 27. Rg1 Qh7 28. Raf1 (28. c4 $11) 28... Rg4 29. f3 ({White should try} 29. Kh2 $15 Rg7 30. f4) 29... Rg3 $19 30. h4 $2 (30. f4 {is a better defense.}) 30... Rdg8 $19 (30... Bxa4 31. Bf2 Rg6 32. Bh3 Rxg1+ 33. Rxg1 $17) 31. Kh2 $2 (31. Re1) 31... Bc5 (31... Bxa4 32. Bf2 R3g6 33. Bh3 $15) 32. Bxc5 bxc5 33. Qf2 Qg6 (33... Bxa4 34. Bh3 Rxg1 35. Rxg1 Rxg1 36. Qxg1 $11) (33... Qh6 $19 34. Qxg3 Rxg3 35. Kxg3 Qf4+ (35... Bxa4 36. Bh3 $11) 36. Kf2 Qd2+ (36... Bxa4 $2 37. Rb1 $19) (36... Qxh4+ $2 37. Ke3 $19) 37. Kg3 f5 (37... Bxa4 38. Bh3 $11) (37... Qf4+ $2 38. Kf2 $19)) 34. a5 $2 (34. Rb1 $17) 34... f5 $4 (34... Qh6 $19 {and all is fine. ( -> ...Qf4)} 35. Qxg3 Rxg3 36. Kxg3 Qf4+ 37. Kf2 Qd2+ (37... Qxh4+ $2 38. Ke3 $19) 38. Kg3 f5 (38... Qxc3 39. Bh3 $15) (38... Qf4+ $2 39. Kf2 $19)) 35. exf5 $4 (35. Bh3 $18 Rxg1 36. Rxg1) 35... Qxf5 $19 36. Qxg3 Rxg3 37. Kxg3 Qf4+ 38. Kf2 Qd2+ $2 (38... Qxh4+ 39. Ke3 Qf4+ 40. Kf2 Qd2+ 41. Kg3 Qf4+ (41... Qxd5 $2 42. Rh1 $19) (41... Qxc3 $2 42. Bh3 $19) 42. Kf2 e4) 39. Kg3 $19 Qf4+ $2 (39... Qxc3 40. Bh3 Bb5 41. Rf2 $15) (39... Bf5 40. Bh3 Qf4+ 41. Kg2 Qd2+ (41... Bd3 $2 42. Rf2 $19) 42. Kg3 Bd3) 40. Kf2 $19 Qxh4+ 41. Ke3 Qf4+ 42. Kf2 Qd2+ 43. Kg3 h4+ 44. Kh2 Qf4+ ({Less strong is} 44... Qxd5 45. Rd1 Qf7 46. f4 $17) 45. Kh1 h3 46. Rb1 Bf5 47. Rb8+ Kh7 48. Rf8 hxg2+ 49. Rxg2 Qc1+ 0-1

[Event "US Masters 2024"]
[Site "Charlotte"]
[Date "2024.11.30"]
[Round "6.2"]
[White "Woodward, Andy"]
[Black "Donchenko, Alexander"]
[Result "1/2-1/2"]
[ECO "E11"]
[WhiteElo "2525"]
[BlackElo "2617"]
[Annotator "ChessBase"]
[PlyCount "38"]
[EventDate "2024.09.23"]
[EventType "swiss"]
[EventCountry "USA"]
[SourceTitle "playchess.com"]
[Source "ChessBase"]
[SourceQuality "1"]
[TimeControl "5400+30"]

1. d4 Nf6 2. c4 e6 3. g3 d5 4. Bg2 Bb4+ 5. Bd2 a5 6. Nf3 O-O 7. Qc2 c5 8. cxd5 cxd4 9. Nxd4 Qb6 10. e3 exd5 11. O-O Nc6 12. Nxc6 bxc6 13. Rc1 Rb8 14. Nc3 h5 15. a3 Be7 16. Na4 Qc7 17. b4 axb4 18. Bxb4 Bxb4 19. axb4 Rxb4 1/2-1/2

[Event "US Masters 2024"]
[Site "Charlotte"]
[Date "2024.11.30"]
[Round "6.3"]
[White "Oparin, Grigoriy"]
[Black "Dudin, Gleb"]
[Result "1-0"]
[ECO "B31"]
[WhiteElo "2653"]
[BlackElo "2510"]
[Annotator "TA"]
[PlyCount "83"]
[EventDate "2024.09.23"]
[EventType "swiss"]
[EventCountry "USA"]
[SourceTitle "playchess.com"]
[Source "ChessBase"]
[SourceQuality "1"]
[TimeControl "5400+30"]

1. e4 c5 2. Nf3 Nc6 3. Bb5 g6 4. O-O Bg7 5. Bxc6 bxc6 6. Re1 Qc7 7. h3 d6 8. Na3 Rb8 {[%emt 0:23:04] White has an edge.} 9. Qe2 e5 10. Qd3 Ne7 11. Nc4 d5 12. exd5 cxd5 {[%emt 0:00:07] Threatens to win with ...e4.} 13. Ncxe5 {[%emt 0:00:04] Qa3 is the strong threat.} O-O 14. Qe2 Nc6 {[%emt 0:20:18] [#] Prevents d4.} 15. d4 $1 Nxd4 16. Nxd4 cxd4 17. Bf4 {[%emt 0:00:13][%cal Oe5g6] And now Nxg6! would win.} Qb6 (17... Rxb2 $2 18. Nxg6 d3 19. Qe3 (19. Nxf8 $2 dxe2 20. Bxc7 Rxc2 $19) (19. Qxd3 Qxc2 20. Ne7+ Kh8 $18) 19... Qxc2 20. Nxf8 $18) 18. Nd3 Ra8 19. Qd2 Bf5 20. Re2 Rfc8 21. Rae1 Bf8 (21... Qb5 $11) 22. a3 Qb5 23. Qd1 a5 24. Be5 Qc4 25. Qd2 Qa4 26. g4 Be4 {[%emt 0:01:20] [#]} 27. f3 $1 Bxd3 (27... Bxf3 $2 {too greedy.} 28. Qf4 Ra6 (28... Bxe2 29. Qf6 Bxd3 30. Qh8#) 29. Qxf3 $18) 28. cxd3 Ra6 29. Qd1 Qxd1 30. Rxd1 Bg7 {[%emt 0:02:08] Repels Bxd4. Hoping for ...Re6.} 31. Bf4 Rb6 32. Kf2 h6 33. Rc1 Rxc1 34. Bxc1 $14 {[%emt 0:00:01][%mdl 4096] Endgame. KRB-KRB} Rc6 35. Bd2 a4 36. Re8+ Kh7 37. Rb8 Bf6 (37... g5 $14) 38. Ke2 Bh4 39. Rb4 Be7 (39... Bf6 {keeps fighting.} 40. Kd1 (40. Rxa4 Rc2 $14) 40... Ra6) 40. Rb7 ({Weaker is} 40. Rxd4 Rc2 $16) 40... Re6+ {[%emt 0:00:06] [#]} 41. Kd1 $1 g5 42. Ra7 {[%emt 0:00:16] Weighted Error Value: White=0.08 (flawless) /Black=0.15 (very precise) .  Mistake:       	---       	Black=3      Inaccurate:     	White=4     	Black=4      OK:         	White=18    	Black=15     Best:        	White=1     	Black=1      Strong:       	White=1     	---} 1-0

[Event "US Masters 2024"]
[Site "Charlotte"]
[Date "2024.11.30"]
[Round "6.4"]
[White "Durarbayli, Vasif"]
[Black "Can, Isik"]
[Result "0-1"]
[ECO "C45"]
[WhiteElo "2626"]
[BlackElo "2508"]
[Annotator "TA"]
[PlyCount "50"]
[EventDate "2024.09.23"]
[EventType "swiss"]
[EventCountry "USA"]
[SourceTitle "playchess.com"]
[Source "ChessBase"]
[SourceQuality "1"]
[TimeControl "5400+30"]

1. e4 e5 2. Nf3 Nc6 3. d4 exd4 4. Nxd4 Nf6 5. Nxc6 bxc6 6. e5 Qe7 7. Qe2 Nd5 8. h4 f6 9. c4 Ba6 10. Rh3 Nb6 {[%emt 0:00:13] Black has an edge.} (10... Qxe5 $2 11. Qxe5+ fxe5 12. cxd5 Bxf1 13. Kxf1 $18) 11. Nd2 fxe5 12. Re3 d6 (12... Qxh4 13. Rxe5+ Kf7 14. Ra5 $11) 13. g3 Qd7 14. Ra3 Bc8 15. c5 Nd5 16. Ne4 Be7 {[%emt 0:00:30] With the idea ...0-0.} 17. Qh5+ g6 18. Qd1 O-O 19. Bh6 Rd8 (19... Qf5 $5 20. Bg2 Re8 $11) 20. Bc4 Qh3 21. Qf3 {[%emt 0:00:00][%mdl 8192] Prevents Qh1+.} (21. cxd6 $1 $11 {and White stays safe.} cxd6 22. Bxd5+ cxd5 23. Qxd5+ Be6 24. Qb7 Qh1+ 25. Kd2 Qxa1 26. Qxe7 Qxb2+ (26... Bxa2 27. Qg7#) 27. Ke1 Qa1+ (27... Qxa3 28. Qg7#) 28. Kd2 Qb2+ (28... Bxa2 29. Qg7#) 29. Ke1 Qb1+ (29... Qxa3 30. Qg7#) 30. Kd2 Qb2+ (30... Bxa2 31. Qg7#)) 21... Bg4 $19 {[%emt 0:04:15] Black is clearly winning.} (21... dxc5 $2 22. Nf6+ Kh8 23. Nxd5 (23. Bxd5 cxd5 24. Nxd5 Bb7 $11) 23... Rxd5 (23... cxd5 $2 24. Qf7 $18) 24. Bxd5 $18) 22. Nf6+ Bxf6 23. Qxf6 Rd7 {[%emt 0:00:04] [#] Inhibits Qg7+. And now ...Qh1+ would win.} ({Inferior is} 23... dxc5 24. Qg7#) 24. Rf3 {[%emt 0:00:00][%cal Of6f8] White wants to mate with Qf8+!} Qh1+ 25. Ke2 Qxa1 {[%emt 0:00:46] Weighted Error Value: White=0.83/Black=0.04 (flawless) .  Loses game:     	White=1     	---        Inaccurate:     	White=2     	Black=1      OK:         	White=8     	Black=10     Best:        	White=1     	Black=5} (25... Bxf3+ 26. Qxf3 Qxf3+ (26... Qxa1 27. Bxd5+ cxd5 28. Qxd5+ Rf7 29. Qxa8+) 27. Kxf3 $19) 0-1

[Event "US Masters 2024"]
[Site "Charlotte"]
[Date "2024.11.30"]
[Round "6.5"]
[White "Mitrabha, Guha"]
[Black "Antipov, Mikhail Al."]
[Result "1/2-1/2"]
[ECO "A37"]
[WhiteElo "2511"]
[BlackElo "2602"]
[Annotator "TA"]
[PlyCount "42"]
[EventDate "2024.09.23"]
[EventType "swiss"]
[EventCountry "USA"]
[SourceTitle "playchess.com"]
[Source "ChessBase"]
[SourceQuality "1"]
[TimeControl "5400+30"]

1. Nf3 c5 2. c4 b6 3. g3 Bb7 4. Bg2 g6 5. Nc3 Bg7 6. b3 Nc6 7. O-O Nd4 8. Nxd4 Bxg2 9. Ne6 dxe6 10. Kxg2 h5 11. h4 Qd7 12. Qc2 Qc6+ 13. f3 Nh6 14. Bb2 Nf5 15. Ne4 f6 16. a3 Kf7 17. b4 Bh6 18. bxc5 {[%emt 0:01:26] The position is equal.} bxc5 19. Bc3 Rad8 20. Qb2 {[%emt 0:02:33][%cal Rc3f6] Threatens to win with Bxf6!} Nd4 21. e3 Rb8 {[%emt 0:07:09] An uneventful encounter.   Weighted Error Value: White=0.03 (flawless) /Black=0.03 (flawless) .  OK:         	White=8     	Black=5      Best:        	---       	Black=1} 1/2-1/2

[Event "US Masters 2024"]
[Site "Charlotte"]
[Date "2024.11.30"]
[Round "6.6"]
[White "Bok, Benjamin"]
[Black "Rodrigue-Lemieux, Shawn"]
[Result "1/2-1/2"]
[ECO "A18"]
[WhiteElo "2593"]
[BlackElo "2496"]
[Annotator "RC"]
[PlyCount "30"]
[EventDate "2024.09.23"]
[EventType "swiss"]
[EventCountry "USA"]
[SourceTitle "playchess.com"]
[Source "ChessBase"]
[SourceQuality "1"]
[TimeControl "5400+30"]

1. c4 Nf6 2. Nc3 e6 3. e4 d5 4. cxd5 exd5 5. e5 d4 6. exf6 dxc3 7. Bb5+ c6 8. Qe2+ Be6 9. Bc4 Qxf6 10. dxc3 Bc5 11. Nh3 O-O 12. Bxe6 Qxe6 13. Qxe6 fxe6 14. Ke2 Nd7 15. Bg5 h6 1/2-1/2

[Event "US Masters 2024"]
[Site "Charlotte"]
[Date "2024.11.30"]
[Round "6.7"]
[White "Zhou, Jianchao"]
[Black "Samant Aditya S"]
[Result "1/2-1/2"]
[ECO "D30"]
[WhiteElo "2581"]
[BlackElo "2478"]
[Annotator "ChessBase"]
[PlyCount "43"]
[EventDate "2024.09.23"]
[EventType "swiss"]
[EventCountry "USA"]
[SourceTitle "playchess.com"]
[Source "ChessBase"]
[SourceQuality "1"]
[TimeControl "5400+30"]

1. d4 Nf6 2. c4 e6 3. Nf3 d5 4. e3 Be7 5. b3 O-O 6. Bb2 c5 7. Bd3 cxd4 8. exd4 b6 9. O-O Bb7 10. Nbd2 Nbd7 11. Qe2 Re8 12. Rfe1 Nf8 13. Ne5 Ng6 14. Nxg6 hxg6 15. Nf3 Bd6 16. Rac1 Rc8 17. Ne5 Qe7 18. Qe3 Ne4 19. Nf3 Nf6 20. Ne5 Ne4 21. Nf3 Nf6 22. Ne5 1/2-1/2

[Event "US Masters 2024"]
[Site "Charlotte"]
[Date "2024.11.30"]
[Round "6.8"]
[White "Nyzhnyk, Illya"]
[Black "Druska, Juraj"]
[Result "1-0"]
[ECO "A13"]
[WhiteElo "2576"]
[BlackElo "2433"]
[Annotator "TA"]
[PlyCount "89"]
[EventDate "2024.09.23"]
[EventType "swiss"]
[EventCountry "USA"]
[SourceTitle "playchess.com"]
[Source "ChessBase"]
[SourceQuality "1"]
[TimeControl "5400+30"]

1. Nf3 d5 2. c4 e6 3. e3 Nf6 4. b3 Bd6 5. Bb2 O-O 6. Be2 Qe7 7. O-O dxc4 8. bxc4 c5 {[%emt 0:00:10] The position is equal.} 9. d4 Rd8 10. Nc3 cxd4 11. exd4 Ba3 12. Bxa3 Qxa3 13. Qb3 Qxb3 14. axb3 Nc6 15. Rfd1 b6 {[%emt 0:00:06] White now steadily converts the win.} (15... a6 $11) 16. Ne5 $16 Nxd4 {[%emt 0:00:12] [#]} 17. Rxd4 $1 Rxd4 18. Bf3 {[%emt 0:00:06] Against Bb7} Rb8 {[%emt 0:00:05] ...Bb7 would now be deadly.} 19. Nc6 $1 {[%emt 0:00:16][%cal Be5c6,Bc6b8,Bb8d7][%mdl 32] White has more active pieces. A dynamic duo of knights.} Rd3 20. Nxb8 Rxc3 21. Rd1 {[%emt 0:13:19] Wards off Bd7. Threatening mate with Rd8+.} g5 (21... Rxb3 22. Rd8+) 22. h3 Kg7 (22... Rxb3 $2 23. Rd8+ Kg7 24. Rxc8 $18) 23. Rd8 Bd7 24. Nxd7 Rd3 25. Bc6 a6 26. f3 h5 27. g4 b5 (27... h4 $16 28. Kf2 Rd6) 28. c5 $18 (28. cxb5 axb5 29. Nxf6 (29. Bxb5 Rxb3 30. Nxf6 Kxf6 $18) 29... Rxd8 30. Nxh5+ Kf8 31. Bxb5 Ke7 $18) 28... hxg4 29. hxg4 Rxb3 30. Nxf6 Kxf6 {[%emt 0:00:01][%mdl 4096] Endgame. KRB-KR} 31. Be4 Rc3 32. c6 {[%emt 0:00:03] Threatens to win with Rd7.} b4 $2 (32... a5 {is a better defense.} 33. Rb8 Rc5) 33. Ra8 Ke5 34. Rxa6 Rc5 35. Kf2 f5 36. Bd3 Kd4 37. Ke2 Kc3 (37... Ke5 $142 38. Rb6 Kd6 39. c7+ (39. Rxb4 Re5+ 40. Kf2 Kxc6 $18) 39... Kxc7 40. Rxe6 (40. Rxb4 Re5+ 41. Kd2 Kc6 $18) 40... fxg4 41. fxg4 Ra5) 38. Ra1 (38. gxf5 exf5 39. c7 Rxc7 40. Bxf5 b3 $18) 38... Kb2 {[%emt 0:00:46] Wards off Rc1} (38... Rxc6 $2 {is the wrong capture.} 39. Rc1+ (39. gxf5 Kd4 $18) 39... Kd4 40. Rxc6 $18) (38... Re5+ 39. Be4 Kb3 40. Rc1 Kb2 41. Rc2+ Kb3 42. c7 Rxe4+ 43. fxe4 Kxc2 44. c8=Q+ (44. c8=B f4 $18)) 39. Rb1+ Ka3 40. Kd2 {[%emt 0:00:09] White wants to mate with Rc1.} Rxc6 41. Bc2 {[%emt 0:00:05] Kc1 would kill now.} Rc3 $2 {[%emt 0:02:09] [#]} (41... Rc4 $18 42. gxf5 exf5 43. Bxf5 Rd4+ 44. Ke3 Rd5) 42. f4 $1 {[%emt 0:00:04] White mates.} gxf4 {[%emt 0:02:43] [#]} 43. g5 $1 ({Weaker is} 43. gxf5 exf5 44. Bxf5 f3 $14) 43... Ka2 44. Rxb4 Rg3 45. Kc1 {[%emt 0:00:06] Weighted Error Value: White=0.15 (very precise) /Black=0.32.  Mistake:       	---       	Black=5      Inaccurate:     	White=1     	Black=1      OK:         	White=19    	Black=13     Best:        	White=2     	Black=3      Strong:       	White=2     	---        Brilliant:      	White=1     	---} 1-0

[Event "US Masters 2024"]
[Site "Charlotte"]
[Date "2024.11.30"]
[Round "6.9"]
[White "Panchanathan, Magesh Chandran"]
[Black "Burke, John M"]
[Result "1/2-1/2"]
[ECO "D77"]
[WhiteElo "2461"]
[BlackElo "2573"]
[Annotator "TA"]
[PlyCount "87"]
[EventDate "2024.09.23"]
[EventType "swiss"]
[EventCountry "USA"]
[SourceTitle "playchess.com"]
[Source "ChessBase"]
[SourceQuality "1"]
[TimeControl "5400+30"]

1. Nf3 d5 2. g3 g6 3. Bg2 Bg7 4. d4 Nf6 5. O-O O-O 6. c4 dxc4 7. Na3 c3 8. bxc3 c5 9. e3 Nc6 10. Bb2 Bf5 11. Qe2 e5 12. Rfd1 (12. dxe5 Bd3 13. Qd1 Bxf1 14. exf6 Bxg2 15. fxg7 Qxd1+ 16. Rxd1 Bxf3 $17) (12. Nxe5 $11 Nxe5 13. e4 (13. dxe5 Bd3 $11) 13... Nxe4 (13... Bg4 14. f3 $11) 14. dxe5) 12... e4 $1 $15 13. Ne5 {[%emt 0:01:58] Prevents Bg4} Nxe5 14. dxe5 {[%emt 0:00:11] Black is slightly better.} Nd7 15. e6 Bxe6 16. Bxe4 Qa5 17. Qb5 Bxc3 18. Qxa5 Bxa5 19. Nc4 Bxc4 $17 20. Rxd7 Rab8 (20... Rfe8 $1 $15 21. Bf3 Rab8) 21. Rc1 $132 {[%emt 0:05:56][%mdl 2048] White is not holding back} Be6 22. Re7 (22. Rxb7 $2 {too greedy.} Rxb7 23. Bxb7 Rb8 $19 (23... Bxa2 24. Ra1 $11)) 22... Bb6 23. a4 Bb3 24. h4 Bxa4 25. h5 {[%emt 0:00:06] Hoping for hxg6.} Rbe8 ({But not} 25... gxh5 $6 26. Re5 f6 27. Rxh5 $11) 26. hxg6 hxg6 ({Worse is} 26... Rxe7 27. gxh7#) 27. Rxe8 Rxe8 28. Bxb7 Kf8 29. e4 Ke7 {[%emt 0:00:00] Against Bf6+} 30. g4 (30. Bd5 $15) 30... Kd6 31. f4 {[%emt 0:00:30] [#]} c4+ (31... Bb3 $1 $17 {Threatens to win with ...Kc7.} 32. e5+ Kc7) 32. Kg2 Kc5 33. Kf3 (33. Bd5 $11 Bb5 34. Bf6) 33... Bb3 $15 34. g5 Ba5 (34... Rd8 $15 {deserves consideration.} 35. Bd5 Rxd5 36. exd5 Kxd5) 35. Ke3 Rd8 36. Bd5 Rd7 37. Bd4+ Kb5 38. Rh1 Kb4 39. Rh8 {[%emt 0:02:25] [#]} (39. Kd2 $1 $11 {was the only way to keep the balance.}) 39... c3 ({Black should play} 39... Bc7 $1 $17 {...c3 is the strong threat.} 40. Rh1 a5) 40. Rb8+ $11 {[%emt 0:01:53] The position is equal.} Bb6 $1 41. Bxb6 Bxd5 42. exd5 axb6 43. Rxb6+ Kc5 44. Rc6+ {[%emt 0:00:05] Weighted Error Value: White=0.27 (precise) /Black=0.23 (precise) .  Mistake:       	White=4     	Black=4      Inaccurate:     	White=3     	Black=4      OK:         	White=11    	Black=8      Best:        	White=6     	Black=3      Strong:       	---       	Black=2} 1/2-1/2

[Event "US Masters 2024"]
[Site "Charlotte"]
[Date "2024.11.30"]
[Round "6.10"]
[White "Han, Johnathan"]
[Black "Matviishen, Viktor"]
[Result "1/2-1/2"]
[ECO "B96"]
[WhiteElo "2330"]
[BlackElo "2566"]
[Annotator "TA"]
[PlyCount "111"]
[EventDate "2024.09.23"]
[EventType "swiss"]
[EventCountry "USA"]
[SourceTitle "playchess.com"]
[Source "ChessBase"]
[SourceQuality "1"]
[TimeControl "5400+30"]

1. e4 c5 2. Nf3 d6 3. d4 cxd4 4. Nxd4 Nf6 5. Nc3 a6 6. Bg5 e6 7. f4 Nbd7 8. Qe2 Qc7 9. O-O-O b5 10. a3 Rb8 11. g4 Be7 12. Bh4 {[%emt 0:02:01] White is slightly better.} h6 (12... Nxe4 $5 13. Nxe4 (13. Nxe6 fxe6 14. Nxe4 Bxh4 $14) 13... Bxh4 $16) 13. Bg2 b4 14. axb4 Rxb4 15. Be1 Qb6 16. Bf2 Rxb2 {[%emt 0:00:21] [#]} 17. Ndb5 $1 Qa5 18. Kxb2 Qb4+ 19. Kc1 $1 axb5 20. Kd2 {[%emt 0:00:20][%cal Od1a1] Active counter play!} g5 21. Rb1 ({Don't play} 21. Qxb5 Qxb5 22. Nxb5 gxf4 $11) 21... Qc4 22. Nxb5 Qxe2+ 23. Kxe2 gxf4 24. h3 Ne5 25. Rhd1 O-O 26. Nxd6 Ba6+ 27. Ke1 $1 Rd8 28. Rb6 f3 $1 29. Rxa6 fxg2 30. Ke2 Rxd6 (30... Kh7 {feels hotter.} 31. Bg1 Bxd6 32. Raxd6 Rc8) 31. Raxd6 Bxd6 32. Rxd6 Nxe4 $11 {[%emt 0:00:03][%mdl 4096] Endgame. KRB-KNN} 33. Rd8+ Kh7 (33... Kg7 $1 $11 {should be considered.}) 34. Bg1 (34. Bd4 $14) 34... Kg6 $2 (34... Ng5 $1 $11) 35. Ke3 $2 (35. Bh2 $18) 35... Ng5 {[%emt 0:01:45] A dynamic duo of knights.} 36. Kf2 Nxh3+ 37. Kxg2 Nf4+ 38. Kf1 Nxg4 39. c4 Kf6 40. Rd7 {[%emt 0:02:00][%mdl 1024] Black must now prevent c5. White has compensation.} e5 $2 (40... Ne5 $11 41. Rd4 Nfg6) 41. c5 $18 Ke6 $2 (41... h5 42. c6 Ne6) 42. c6 Nf6 43. Rd8 {[%emt 0:05:16] And now c7 would win.} N4d5 44. Bc5 h5 45. Bd6 $2 (45. Rd6+ $18 Kf5 46. Bb4) 45... Ne8 $1 $14 46. Bc5 ({Of course not} 46. Rxe8+ Kxd6 47. Kg1 f6 $11) ({White should try} 46. Ba3 $14 Ndc7 47. Ke2) 46... Nec7 {[%emt 0:00:01] [#]} (46... Nef6 $1 $11 47. Rd6+ Kf5) 47. Rd6+ $1 $16 Kf5 48. Ba7 {[%emt 0:00:10] Strongly threatening Bb8.} Ke4 $2 (48... Nb4 $1 $11) 49. Rd7 $18 Na6 50. Rb7 $2 ({White should play} 50. Rxf7 $18 Kd3 51. Bc5) 50... Kf5 $1 $11 {[%emt 0:00:48] The position is equal.} 51. Rxf7+ Ke6 $1 52. Rd7 h4 53. Rd8 h3 54. Kg1 Ne7 55. Rh8 Nxc6 56. Rxh3 {[%emt 0:00:15] Weighted Error Value: White=0.37/Black=0.32.  Loses game:     	---       	Black=3      Missed win:     	White=3     	---        Mistake:       	White=2     	Black=3      Inaccurate:     	White=4     	Black=2      OK:         	White=14    	Black=17     Best:        	White=6     	Black=6      Strong:       	White=3     	Black=4      Brilliant:      	White=1     	---} 1/2-1/2

[Event "US Masters 2024"]
[Site "Charlotte"]
[Date "2024.11.30"]
[Round "6.11"]
[White "Kevlishvili, Robby"]
[Black "Heimann, Mark"]
[Result "1/2-1/2"]
[ECO "C07"]
[WhiteElo "2556"]
[BlackElo "2459"]
[Annotator "TA"]
[PlyCount "133"]
[EventDate "2024.09.23"]
[EventType "swiss"]
[EventCountry "USA"]
[SourceTitle "playchess.com"]
[Source "ChessBase"]
[SourceQuality "1"]
[TimeControl "5400+30"]

1. e4 e6 2. d4 d5 3. Nd2 c5 4. exd5 Qxd5 5. dxc5 Nf6 6. Ngf3 Qxc5 7. Bd3 Be7 8. O-O O-O 9. Qe2 Nbd7 10. c4 b6 11. a3 Qc7 12. b3 Bb7 13. Bb2 Qc6 14. Rfe1 Rfd8 15. Qf1 a5 16. Nd4 Qc7 17. N2f3 Nc5 {[%emt 0:06:44] Threatening ...Bxf3.} 18. Bc2 $1 Nce4 19. Nb5 Qf4 20. Bc1 {[%emt 0:06:26] Prevents Nd2.} Qb8 21. h3 Bc5 22. Be3 Qc8 23. Qe2 Bxe3 24. Qxe3 a4 25. bxa4 Qc5 26. Rab1 Qxe3 27. Rxe3 Nd2 28. Nxd2 Rxd2 29. Bd1 Nd7 {[%emt 0:02:20][%mdl 1024] Black has compensation.} 30. Nc3 Ba6 31. Rb4 (31. Ne4 $5 Rd4 $8 32. Be2 $14) 31... Rc8 32. Be2 Kf8 33. Kf1 Rd6 34. Ke1 Rdc6 35. Nb5 Rc5 36. Nd6 R8c6 37. Ne4 Ra5 38. Nd2 Nc5 39. Bd1 Ke7 40. f4 Kd8 41. Bc2 h6 42. h4 Nd7 (42... Rd6 $11) 43. g3 ({White should try} 43. Be4 $14 Rc7 44. Bd3) 43... Rac5 44. Bd3 {[%emt 0:00:11] [#] Nb3 would now be deadly.} Rc8 45. Be2 R5c6 46. Rd3 Ke7 47. Nf3 f6 (47... Rxc4 $2 {loses.} 48. Rxd7+ Kxd7 49. Ne5+ Kd8 50. Bxc4 $18 (50. Nxc4 Bxc4 51. Rxc4 Rb8 $18)) 48. Nd4 Rd6 49. Nb3 {[%emt 0:01:09] Black must now prevent Rxd6.} Rdc6 50. Re3 {[%emt 0:00:17] aiming for Nd4.} e5 ({Reject} 50... Bxc4 51. Nd4 Rc5 52. Bxc4 Rxc4 53. Rxe6+ Kf8 54. Rd6) 51. Nd4 Rc5 52. Nf5+ Kf8 53. Nd6 R8c7 {[%emt 0:00:15] Black is weak on the light squares} 54. Bg4 R5c6 (54... Ke7 $142 55. Bxd7 Kxd7 56. fxe5 (56. Rxb6 Bxc4 57. fxe5 fxe5 $11) 56... R7c6) 55. Nb5 $16 {[%emt 0:00:53] White is much more active.} Bxb5 56. axb5 Rc5 (56... Rd6 $16) 57. Bxd7 Rxd7 58. fxe5 fxe5 $18 {[%emt 0:00:03][%mdl 4096] Endgame. KRR-KRR} 59. Ra4 {[%emt 0:00:04] Repels Ra7} Rd4 {[%emt 0:01:08] [#]} (59... Ke7 $16 {was called for.} 60. Rc3 Rdc7) 60. Ra6 (60. Rc3 $1 $18) 60... Rdxc4 $16 61. Rxb6 e4 62. Kf1 (62. g4 $16) 62... Rc1+ $11 63. Kf2 R1c2+ $1 64. Kf1 Rb2 65. Rxe4 Rc1+ 66. Re1 Rcc2 $1 67. a4 {[%emt 0:00:29] Black defended with fortune.   Weighted Error Value: White=0.10 (very precise) /Black=0.12 (very precise) .  Mistake:       	White=3     	Black=4      Inaccurate:     	White=5     	Black=4      OK:         	White=18    	Black=28     Best:        	White=2     	Black=1      Strong:       	White=1     	Black=2} 1/2-1/2